Map: King Sejong Station LE

Players

Miszu

  • Race: Terran Terran
  • League: Master

IIIIIIIIIIII - Winner!

  • Race: Terran Terran
  • League: Master

VOD

Have the link to the VOD?

Description

Time

  • Played on: June 28, 2016, 12:41 p.m.
  • Length: 6:04
Show
View Real Time Build Order
Export as new Build Order

Miszu Terran 

Build Orders:  

Get SALT Encoding   

  12  0:01  SCV  
  13  0:13  SCV  
  14  0:17  Supply Depot  
  14  0:25  SCV  
  15  0:38  SCV  
  15  0:41  Barracks  
  16  0:44  Refinery  
  16  0:50  SCV  
  17  1:02  SCV  
  18  1:07  Barracks  
  18  1:14  SCV  
  19  1:27  Orbital Command  
  19  1:29  Reaper  
  20  1:35  Supply Depot  
  20  1:53  SCV  
  21  1:55  Reaper  
  22  2:06  Reaper  
  23  2:11  SCV  
  23  2:12  Command Center  
  24  2:17  Refinery  
  24  2:23  SCV  
  24  2:27  Reaper  
  26  2:35  SCV  
  27  2:39  Supply Depot  
  27  2:41  Reaper  
  28  2:47  SCV  
  29  2:52  Barracks  
  29  2:59  SCV  
  30  3:10  Barracks Tech Lab  
  30  3:11  SCV  
  31  3:23  SCV  
  30  3:29  Marine  
  30  3:30  Barracks Reactor, Stimpack  
  30  3:33  Orbital Command  
  31  3:37  SCV  
  31  3:38  Bunker  
  31  3:40  Factory  
  32  3:44  Marine  
  33  3:49  SCV  
  33  3:51  Marine  
  35  3:59  SCV  
  35  4:01  SCV  
  35  4:02  Marine  
  38  4:07  Engineering Bay, Marine  
  38  4:08  Marine  
  40  4:11  SCV  
  40  4:13  SCV  
  40  4:15  Marine  
  43  4:19  Marine  
  43  4:22  Supply Depot  
  43  4:23  SCV  
  45  4:25  Starport, Marine  
  45  4:26  Marine, Factory Reactor  
  45  4:28  SCV  
  48  4:33  Refinery, Marine  
  48  4:35  SCV  
  50  4:41  SCV  
  50  4:44  Marine  
  50  4:45  Supply Depot  
  52  4:46  Marine  
  52  4:47  SCV  
  52  4:49  Marine  
  52  4:51  Marine  
  56  4:53  SCV  
  56  4:59  SCV  
  58  5:02  Marine  
  58  5:04  Marine  
  58  5:05  SCV  
  58  5:06  Marine  
  62  5:09  Supply Depot  
  62  5:11  Factory Tech Lab  
  62  5:12  SCV  
  62  5:13  Medivac  
  62  5:14  Medivac  
  67  5:15  Marine  
  67  5:17  SCV  
  67  5:20  Marine  
  70  5:30  Marine x2  
  70  5:32  Marine  
  73  5:38  Marine  
  73  5:39  SCV  
Show
View Real Time Build Order
Export as new Build Order

IIIIIIIIIIII Terran - Winner!

Build Orders: Reaper Expand 

Get SALT Encoding   

  12  0:01  SCV  
  13  0:13  SCV  
  14  0:17  Supply Depot  
  14  0:25  SCV  
  15  0:39  SCV  
  15  0:40  Barracks  
  16  0:47  Refinery  
  16  0:51  SCV  
  17  1:03  SCV  
  18  1:15  SCV  
  19  1:28  Orbital Command  
  19  1:29  Reaper  
  20  1:43  Command Center  
  20  1:54  Supply Depot, SCV  
  21  2:01  Marine  
  22  2:08  SCV  
  22  2:14  Factory  
  23  2:19  Marine  
  23  2:22  SCV  
  25  2:27  Refinery  
  25  2:34  SCV  
  26  2:38  Barracks Reactor  
  26  2:46  SCV  
  26  2:47  Supply Depot  
  27  2:59  Hellion  
  27  3:00  Orbital Command  
  27  3:02  Starport  
  26  3:21  Marine x2, Hellion  
  26  3:28  SCV  
  27  3:35  SCV  
  27  3:39  Marine x2  
  30  3:44  SCV  
  30  3:47  SCV  
  32  3:51  Factory Tech Lab  
  32  3:56  SCV  
  32  3:58  Marine  
  32  3:59  Marine, SCV  
  36  4:09  Medivac, Siege Tank  
  41  4:11  SCV  
  41  4:13  SCV  
  41  4:16  Marine x2  
  45  4:21  Supply Depot  
  45  4:23  SCV  
  46  4:26  SCV  
  47  4:34  Marine x2  
  49  4:39  Medivac  
  49  4:41  SCV  
  49  4:42  SCV  
  49  4:43  Siege Tank  
  56  4:52  Marine x2  
  58  4:54  Supply Depot, SCV  
  58  4:55  SCV  
  60  5:05  Barracks  
  60  5:07  Barracks, SCV  
  60  5:13  SCV  
  62  5:15  Medivac  
  62  5:17  Marine x2  
  66  5:26  Siege Tank  
  66  5:27  SCV  
  70  5:30  Supply Depot  
  70  5:41  Marine x2  
  70  5:42  SCV x2  
  74  5:43  Supply Depot, Refinery  
  74  5:45  Engineering Bay  
Tags
 
Add a new tag
Caveats
  • Supply blocks, unpowered buildings, or Contaminate may cause inaccurate times.
  • Supply counts are checked every 10 seconds.